 Dungeon Crawl Stone Soup version 0.31-a0-128-g25add195a6 (webtiles) character file.

Game seed: 17630765123698209007

15479 Pooter the Severer (level 12, -4/165 HPs)
             Began as a Minotaur Berserker on June 1, 2023.
             Was a Priest of Trog.
             Shot with an arrow by Nessos (10 damage)
             ... on level 2 of the Orcish Mines on June 2, 2023.
             The game lasted 01:03:41 (14586 turns).

Pooter the Severer (Minotaur Berserker)            Turns: 14586, Time: 01:03:42

Health: -4/165     AC: 12    Str: 31    XL:     12   Next: 1%
Magic:  11/11      EV:  5    Int:  4    God:    Trog [***...]
Gold:   565        SH: 12    Dex: 12    Spells: 11/11 levels left

rFire   . . .        a - +1 war axe (heavy)
rCold   . . .        z - +2 tower shield
rNeg    . . .        s - +0 plate armour
rPois   .            (helmet restricted)
rElec   .            v - +0 cloak
rCorr   .            (no gloves)
SInv    .            D - -1 pair of boots of a Labyrinth {Str+6}
Will    +....        (no amulet) Stlth
                     H - ring of willpower
HPRegen 0.47/turn    (no ring)
MPRegen 0.12/turn

%: no passive effects
@: berserking (expiring), lethally poisoned (-4 -> -9), very quick
A: horns 2, retaliatory headbutt
a: Renounce Religion, Berserk, Trog's Hand


You were on level 2 of the Orcish Mines.
You worshipped Trog.
Trog was most pleased with you.
You visited 2 branches of the dungeon, and saw 12 of its levels.

You collected 846 gold pieces.
You spent 281 gold pieces at shops.

Inventory:

Hand Weapons
 a - a +1 heavy war axe (weapon)
   (You took it off an orc on level 3 of the Dungeon)
 b - a -1 hand crossbow
   (You bought it in a shop on level 6 of the Dungeon)
 h - a +3 trident of holy wrath
   (You took it off an orc warrior on level 10 of the Dungeon)
 u - a +5 dire flail
   (You took it off an orc warrior on level 2 of the Orcish Mines)
 w - a +4 trident
   (You took it off a wight on level 6 of the Dungeon)
 x - a -2 demon trident
   (You bought it in a shop on level 6 of the Dungeon)
 J - a +0 arbalest
   (You took it off an orc on level 7 of the Dungeon)
Missiles
 i - 3 boomerangs
 l - 5 curare-tipped darts
 n - 7 atropa-tipped darts
 y - 57 poisoned darts (quivered)
 B - 10 javelins
 Q - 89 stones
Armour
 s - a +0 plate armour (worn)
   (You took it off an orc warrior on level 9 of the Dungeon)
 v - a +0 cloak (worn)
   (You found it on level 5 of the Dungeon)
 z - a +2 tower shield (worn)
   (You found it on level 7 of the Dungeon)
 A - a scarf of shadows
   (You found it on level 8 of the Dungeon)
 D - the -1 pair of boots of a Labyrinth (worn) {Str+6}
   (You found it on level 8 of the Dungeon)

   Str:       It affects your strength (+6).
Jewellery
 H - a ring of willpower (left hand)
   (You found it on level 9 of the Dungeon)
Wands
 f - a wand of flame (25)
   (You found it on level 7 of the Dungeon)
 o - a wand of polymorph (16)
   (You found it on level 4 of the Dungeon)
 G - a wand of light (2)
   (You found it on level 9 of the Dungeon)
 I - a wand of charming (3)
   (You found it on level 10 of the Dungeon)
Scrolls
 e - 2 scrolls of vulnerability {!r}
 m - 2 scrolls of fog
 p - a scroll of noise {!r}
 r - 2 scrolls of poison {!r}
 t - 3 scrolls of teleportation {@r4}
 C - a scroll of immolation {!r}
 E - a scroll of butterflies
Potions
 c - a potion of cancellation {unknown}
 d - a potion of mutation {unknown}
 g - a potion of haste {@q3}
 j - 3 potions of heal wounds {@q2}
 k - 2 potions of curing {@q1}
 q - a potion of invisibility {unknown}
 F - a potion of ambrosia {unknown}


   Skills:
 + Level 11.1 Fighting
 * Level 15.1 Axes
 * Level 12.3 Ranged Weapons
 - Level 2.4 Armour
 - Level 2.1 Dodging
 - Level 4.6 Stealth


You had 11 spell levels left.
You didn't know any spells.
Your spell library was empty.

Dungeon Overview and Level Annotations

Branches:
Dungeon (10/15)            Temple (0/1) D:5             Orc (2/2) D:10
    Elf (0/3) Orc:2
   Lair: D:8-11

Altars:
Ashenzari
Cheibriados
Dithmenos
Elyvilon
Fedhas
Hepliaklqana
Nemelex Xobeh
Okawaru
Ru
Trog
Wu Jian
Yredelemnul
Zin
The Shining One

Shops:
D:1 ?   D:6 *

Annotations:
D:3 1 runed translucent door
D:7 2 transporters, lunkers's ghost, novice MeWn
Orc:2 Nessos


Innate Abilities, Weirdness & Mutations

You have a pair of horns on your head.
You reflexively headbutt those who attack you in melee.


Message History

You feel sick.
The centaur shoots an arrow.
The arrow hits you.
* * * LOW HITPOINT WARNING * * *
Okay, then.
You feel better.
Nessos gestures wildly while chanting.
Nessos blinks!
The centaur shoots an arrow.
You block the arrow.
The centaur shoots an arrow.
The arrow barely misses you.
Nessos shoots an arrow.
You block the arrow.
The centaur shoots an arrow.
The arrow hits you.
* * * LOW HITPOINT WARNING * * *
A red film seems to cover your vision as you go berserk!
You feel yourself moving faster!
You feel mighty!
Nessos shoots an arrow.
You block the arrow.
The centaur shoots an arrow.
The arrow barely misses you.
The centaur shoots an arrow.
You block the arrow.
Nessos zaps a wand.
The mass of ice explodes!
The iceblast engulfs you but does no damage.
The centaur shoots an arrow.
The arrow hits you.
* * * LOW HITPOINT WARNING * * *
A centaur warrior comes into view.
You hear a shout! x6
You feel a strong urge to attack something.
Nessos zaps a wand.
The mass of ice explodes!
The iceblast engulfs you!
* * * LOW HITPOINT WARNING * * *
The centaur shoots an arrow.
You block the arrow.
The centaur warrior wields a +0 orcbow.
The centaur warrior shoots an arrow.
You block the arrow.
The centaur shoots an arrow.
The arrow hits you.
* * * LOW HITPOINT WARNING * * *
Nessos shoots an arrow.
The arrow hits you!
* * * LOW HITPOINT WARNING * * *
The arrow burns you.
* * * LOW HITPOINT WARNING * * *
You hear a shout! x13
Things that are here:
a +0 hand axe; a +2 vampiric hand axe; a +0 ring mail The centaur shoots an arrow.
The arrow hits you.
* * * LOW HITPOINT WARNING * * *
Nessos zaps a wand.
The mass of ice explodes!
The iceblast engulfs you!
* * * LOW HITPOINT WARNING * * *
You hear a shout!
There is a stone staircase leading up, spattered with blood here.
You feel your anger nearly subside.
The centaur shoots an arrow.
You block the arrow.
Nessos shoots an arrow.
The arrow hits you!!
* * * LOW HITPOINT WARNING * * *
The arrow burns you!
You are poisoned.
You die...

...............................
.....#.......##.#..c...........
.....##..........cc.......#
#....#......#..........##
####............c.......###
##.#...#......#............#
#............##......).........
##.#..).......>.)).............
...#...........[@))............
..............)[)[.............
....#..........).............<.
....#..........................
........#............#........
......##............#.......
....##.................#...
..###....§§##.........#.... ≈≈
#..#≈§≈≈..............#


You could see Nessos (fast), a centaur warrior and 2 centaurs.

Vanquished Creatures
  Josephine (D:10)
  A two-headed ogre (D:9)
  An orc high priest (Orc:2)
  A deep troll (Orc:2)
  A lindwurm (Orc:2)
  2 orc knights (Orc:1)
  A cyclops (Orc:1)
  4 trolls
  A hornet (D:8)
  5 wraiths
  9 yaks
  A shadow (D:10)
  A wyvern (D:7)
  A steam dragon (D:7)
  5 wargs (Orc:1)
  An acid dragon (D:6)
  2 water moccasins (D:7)
  The ghost of Monarks the Cudgeller, an amateur OgWr (D:3)
  2 ice beasts (D:6)
  3 sky beasts
  16 orc warriors
  2 black bears (D:5)
  6 ogres
  A tengu (D:5)
  3 centaurs
  3 phantoms
  9 kobold brigands
  4 bullfrogs
  6 scorpions
  A gnoll sergeant (D:8)
  8 wights
  17 killer bees
  A howler monkey (D:7)
  A jelly (D:4)
  3 hounds
  8 orc priests
  A gnoll bouda (D:7)
  4 iguanas
  A sleepcap (D:5)
  15 orc wizards
  13 gnolls
  5 adders
  A river rat (D:3)
  6 shadow imps
  2 white imps
  4 worms
  4 dart slugs
  50 orcs
  3 bats
  3 endoplasms
  3 giant cockroaches
  4 goblins
  6 hobgoblins
  4 jackals
  4 quokkas
  9 ball pythons
  3 frilled lizards
  31 kobolds
  4 rats
313 creatures vanquished.

Vanquished Creatures (collateral kills)
  An orc (D:10)
1 creature vanquished.

Vanquished Creatures (others)
  A gnoll sergeant (D:10)
  A gnoll (D:10)
2 creatures vanquished.

Grand Total: 316 creatures vanquished

Notes
Turn   | Place    | Note
-------+----------+-------------------------------------------
     0 | D:1      | Pooter the Minotaur Berserker began the quest for the Orb.
     0 | D:1      | Reached XP level 1. HP: 19/19 MP: 0/0
   258 | D:1      | Reached XP level 2. HP: 26/27 MP: 1/1
   351 | D:1      | Reached skill level 4 in Axes
   453 | D:1      | Reached skill level 1 in Stealth
   608 | D:1      | Found Gaipyrups's Magic Scroll Shop.
   613 | D:1      | Bought a scroll of identify for 24 gold pieces
   985 | D:1      | Bought a scroll of identify for 24 gold pieces
  1105 | D:1      | Bought a scroll of identify for 24 gold pieces
  1161 | D:2      | Reached XP level 3. HP: 33/33 MP: 2/2
  1191 | D:2      | Reached XP level 4. HP: 40/40 MP: 3/3
  1467 | D:1      | Bought a scroll of identify for 24 gold pieces
  1632 | D:3      | Reached ** piety under Trog
  1687 | D:3      | Reached skill level 5 in Axes
  1725 | D:3      | Found a runed translucent door.
  1725 | D:3      | Noticed Monarks's ghost (amateur OgWr)
  1725 | D:3      | Noticed a bullfrog
  1757 | D:3      | Found an iron altar of Okawaru.
  1956 | D:1      | Bought a scroll of identify for 24 gold pieces
  2109 | D:3      | Found a runed translucent door.
  2146 | D:3      | Killed a bullfrog
  2147 | D:3      | Reached XP level 5. HP: 47/47 MP: 4/4
  2166 | D:3      | Killed Monarks's ghost
  2167 | D:3      | Reached XP level 6. HP: 41/55 MP: 5/5
  2262 | D:4      | Reached skill level 5 in Fighting
  2262 | D:4      | Reached skill level 6 in Axes
  2917 | D:4      | Reached *** piety under Trog
  2918 | D:4      | Reached XP level 7. HP: 61/61 MP: 6/6
  3114 | D:5      | Entered Level 5 of the Dungeon
  3133 | D:5      | Reached skill level 7 in Axes
  3219 | D:5      | Reached skill level 1 in Ranged Weapons
  3272 | D:5      | Found a staircase to the Ecumenical Temple.
  3302 | D:5      | Reached XP level 8. HP: 35/70 MP: 7/7
  3477 | D:5      | Reached skill level 8 in Axes
  3899 | D:1      | Bought a scroll of enchant armour for 90 gold pieces
  4432 | D:5      | Found a sacrificial altar of Ru.
  4848 | D:6      | Reached skill level 9 in Axes
  5049 | D:6      | Reached skill level 5 in Ranged Weapons
  5115 | D:6      | Reached XP level 9. HP: 71/79 MP: 8/8
  5359 | D:6      | Found Cafunk's Lightly-Used Armoury.
  5368 | D:6      | Bought a -3 hand crossbow for 1 gold piece
  5368 | D:6      | Bought a -2 demon trident for 70 gold pieces
  5572 | D:6      | Reached skill level 10 in Axes
  6503 | D:7      | Reached skill level 11 in Axes
  6546 | D:7      | Reached **** piety under Trog
  6758 | D:7      | Found a shadowy altar of Dithmenos.
  7020 | D:7      | Noticed a troll
  7027 | D:7      | Killed a troll
  7028 | D:7      | Reached XP level 10. HP: 90/90 MP: 9/9
  7127 | D:7      | Found a bloodstained altar of Trog.
  7127 | D:7      | Noticed lunkers's ghost (novice MeWn)
  7138 | D:7      | Found a transporter.
  7147 | D:7      | Found a transporter.
  7160 | D:7      | Noticed a moth of wrath
  7363 | D:7      | Found an ornate altar of the Wu Jian Council.
  7754 | D:8      | Paralysed by a hornet for 1 turns
  7755 | D:8      | HP: 3/90 [hornet (6)]
  8241 | D:8      | Found a glowing silver altar of Zin.
  8303 | D:8      | Identified the -1 pair of boots of a Labyrinth {Str+6}
  8580 | D:9      | Identified the +1 leather armour "Umuaxein" {Will- Regen+
                  | rCorr Str+7}
  8611 | D:9      | Found a broken altar of Ashenzari.
  8661 | D:9      | Reached skill level 12 in Axes
  8849 | D:9      | Noticed a two-headed ogre
  8858 | D:9      | Killed a two-headed ogre
  9737 | D:10     | Entered Level 10 of the Dungeon
  9862 | D:10     | Found a snail-covered altar of Cheibriados.
  9862 | D:10     | Found a hazy altar of Hepliaklqana.
 10091 | D:10     | Found a sparkling altar of Nemelex Xobeh.
 10091 | D:10     | Found a glowing golden altar of the Shining One.
 10091 | D:10     | Found a basalt altar of Yredelemnul.
 10092 | D:10     | Found a white marble altar of Elyvilon.
 10131 | D:10     | Reached skill level 13 in Axes
 10131 | D:10     | Reached skill level 10 in Ranged Weapons
 10248 | D:10     | Noticed Josephine
 10257 | D:10     | Killed Josephine
 10258 | D:10     | Reached XP level 11. HP: 99/99 MP: 10/10
 10326 | D:10     | Found a blossoming altar of Fedhas.
 10361 | D:10     | Reached skill level 10 in Fighting
 10863 | D:10     | Found a staircase to the Orcish Mines.
 11330 | D:10     | Found a bloodstained altar of Trog.
 12778 | Orc:1    | Entered Level 1 of the Orcish Mines
 13050 | D:10     | Reached skill level 14 in Axes
 13749 | Orc:2    | Entered Level 2 of the Orcish Mines
 13749 | Orc:2    | Found a staircase to the Elven Halls.
 13995 | Orc:2    | Noticed an orc knight
 14006 | Orc:1    | Killed an orc knight
 14059 | Orc:2    | Noticed an orc high priest
 14062 | Orc:2    | Noticed an orc knight
 14119 | Orc:1    | Killed an orc knight
 14169 | Orc:2    | Noticed a deep troll
 14179 | Orc:2    | Killed an orc high priest
 14179 | Orc:2    | Killed a deep troll
 14245 | Orc:2    | Noticed an orc sorcerer
 14246 | Orc:2    | an orc sorcerer changed into a lindwurm
 14246 | Orc:2    | Noticed a lindwurm
 14254 | Orc:2    | Killed a lindwurm
 14255 | Orc:2    | Reached skill level 15 in Axes
 14439 | Orc:2    | Reached XP level 12. HP: 107/110 MP: 11/11
 14574 | Orc:2    | Noticed Nessos
 14583 | Orc:2    | Noticed a centaur warrior
 14586 | Orc:2    | HP: 6/165 [Nessos/arrow (23)]
 14586 | Orc:2    | Shot with an arrow by Nessos

Illustrated notes

Levels and vault maps discovered:
D:1:      nicolae_arrival_washed_ashore, layout_loops_cross, serial_shops, shop,
          grunt_decor_resistance, minmay_misc_feat_more_columns,
          ebering_dispersal_statue_hall, hex_large
D:2:      layout_rooms
D:3:      layout_rooms, okawaru_gym_becter, ebering_ghost_sewer_f,
          minmay_misc_feat_columns
D:4:      kb_forest_paths, layout_basic, nicolae_overflow_hidden_temple,
          chequers_decorated_corner
D:5:      layout_basic, nicolae_ru_the_path_less_chosen,
          minmay_temple_entry_sparse_star, hangedman_decor_riveting
D:6:      layout_cave_pools, minmay_shop_damaged
D:7:      cheibrodos_barr_body, layout_basic, nzn_wu_jian_contemplation,
          grunt_dithmenos_smoke_and_mirrors, gammafunk_ghost_wrathful_warriors
D:8:      layout_rooms, zin_academy, chequers_serial_rivers_room_a
D:9:      layout_grid_maze, ashenzari_altar_1, st_stairs_6
D:10:     layout_stronghold, chequers_temple_overflow_statue_of_worship,
          mainiacjoe_overflow_concentric_impassable, kennysheep_mini,
          gammafunk_temple_overflow_elements,
          kennysheep_orc_monster_closet_entryway, uniq_josephine
Orc:1:    layout_diamond_mine, serial_shops, shop, nicolae_orc_lava_tube
Orc:2:    st_orc_rangers, layout_caves, guppyfry_orc_lava_fort, uniq_nessos

Skill      XL: |  1  2  3  4  5  6  7  8  9 10 11 |
---------------+----------------------------------+-----
Axes           | 4 5 6 7 9 11 13 15 | 15.1
Stealth        | 1 2 3 4 |  4.6
Fighting       | 4 5 6 7 8 9 11 | 11.1
Ranged Weapons | 2 5 8 10 12 | 12.3
Armour         | |  2.4
Dodging        | |  2.1

Action                     |  1- 3 |  4- 6 |  7- 9 | 10-12 || total
---------------------------+-------+-------+-------+-------++-------
  Melee: Hand axe          |     9 |       |       |       ||     9
         Trident           |    50 |    69 |       |       ||   119
         Headbutt          |     3 |    16 |    55 |    34 ||   108
         War axe           |       |    59 |   249 |   208 ||   516
         Punch             |       |       |     5 |       ||     5
   Fire: Shortbow          |       |       |    28 |       ||    28
         Hand crossbow     |       |       |    48 |   132 ||   180
         Arbalest          |       |       |     6 |     4 ||    10
  Throw: Dart              |     6 |     2 |     8 |     2 ||    18
         Stone             |       |       |     1 |       ||     1
 Invoke: Berserk           |     1 |     1 |     9 |    18 ||    29
         Trog's Hand       |       |       |     3 |     9 ||    12
  Evoke: Wand              |       |       |     1 |     5 ||     6
    Use: Scroll            |     3 |     4 |     8 |    12 ||    27
         Potion            |       |     1 |       |     3 ||     4
   Stab: Distracted        |     1 |       |       |       ||     1
         Sleeping          |     2 |       |       |       ||     2
         Invisible         |       |     1 |       |     1 ||     2
 Armour: Animal skin       |     3 |       |       |       ||     3
         Chain mail        |    11 |    66 |   142 |    30 ||   249
         Plate armour      |       |       |       |   142 ||   142
  Dodge: Dodged            |    26 |    56 |   142 |    85 ||   309
  Block: Tower shield      |       |       |       |   262 ||   262

Table legend: (Time is in decaauts)
 A = Elapsed time spent in this place.
 B = Non-inter-level travel time spent in this place.
 C = Inter-level travel time spent in this place.
 D = Time resting spent in this place.
 E = Time spent auto-exploring this place.
 F = Levels seen in this place.
 G = Mean time per level.
                   A        B        C        D        E       F      G
               +--------+--------+--------+--------+--------+-----+--------+
         Total |  15224 |  14370 |    854 |   5388 |   6548 |  12 | 1268.7 |
       Dungeon |  13784 |  12956 |    828 |   4526 |   6305 |  10 | 1378.4 |
  Orcish Mines |   1439 |   1414 |     25 |    861 |    243 |   2 |  719.5 |
               +--------+--------+--------+--------+--------+-----+--------+

Top non-repeatable levels by time:
    D:10: 3731 daAuts
     D:7: 1678 daAuts
     D:6: 1536 daAuts
     D:5: 1347 daAuts
     D:9: 1274 daAuts
     D:1: 1260 daAuts
   Orc:1: 944 daAuts
     D:4: 942 daAuts
     D:8: 858 daAuts
     D:3: 612 daAuts
     D:2: 543 daAuts
   Orc:2: 495 daAuts
